 Dungeon Crawl Stone Soup version 0.31-a0-1308-ga3cce3a448 (webtiles) character file.

Game seed: 15512986927442146788

203 stank58 the Chopper (level 5, -22/47 HPs)
             Began as a Minotaur Berserker on Dec 19, 2023.
             Was a Priest of Trog.
             Annihilated by an ogre
             ... wielding a +0 giant club
              (25 damage)
             ... on level 3 of the Dungeon.
             The game lasted 00:11:51 (2650 turns).

stank58 the Chopper (Minotaur Berserker)            Turns: 2650, Time: 00:11:52

Health: -22/47     AC:  8    Str: 24    XL:     5   Next: 51%
Magic:  4/4        EV: 12    Int:  4    God:    Trog [***...]
Gold:   157        SH:  0    Dex: 15    Spells: 4/4 levels left

rFire   . . .        a - +0 hand axe
rCold   . . .        (no shield)
rNeg    . . .        d - +3 ring mail
rPois   .            (helmet restricted)
rElec   .            (no cloak)
rCorr   .            (no gloves)
SInv    .            (no boots)
Will    .....        (no amulet)
Stlth   +            e - +6 ring of dexterity
HPRegen 0.27/turn    (no ring)
MPRegen 0.09/turn

%: no passive effects
@: no status effects
A: horns 2, retaliatory headbutt
a: Renounce Religion, Berserk, Trog's Hand


You were on level 3 of the Dungeon.
You worshipped Trog.
Trog was most pleased with you.
You visited 1 branch of the dungeon, and saw 4 of its levels.

You collected 157 gold pieces.

Inventory:

Hand Weapons
 a - a +0 hand axe (weapon)
Missiles
 c - a throwing net
Armour
 b - a +0 animal skin
 d - a +3 ring mail (worn)
Jewellery
 e - a +6 ring of dexterity (left hand)
Talismans
 k - a serpent talisman
Scrolls
 f - a scroll of acquirement {unknown}
 g - 3 scrolls of identify {unknown}
 i - a scroll of noise {unknown}
 j - a scroll of torment {unknown}
 m - a scroll of immolation {unknown}
 n - a scroll of fog {unknown}
Potions
 h - a potion of haste
 l - a potion of cancellation {unknown}


   Skills:
 + Level 4.6 Fighting
 + Level 5.7 Axes
 + Level 4.0 Armour
 + Level 2.8 Dodging
 + Level 0.4 Stealth


You had 4 spell levels left.
You didn't know any spells.
Your spell library contained the following spells:

 Spells                   Type           Power      Damage    Failure   Level
 Freeze                   Ice            0%         1d3       65%         1
 Necrotise                Necr           0%         1d4       65%         1
 Frozen Ramparts          Ice            0%         1d1       95%         3
 Hailstorm                Conj/Ice       0%         3d5       95%         3
 Vampiric Draining        Necr           0%         2d6       95%         3
 Agony                    Necr           0%         N/A       100%        5


Dungeon Overview and Level Annotations

Branches:
Dungeon (4/15)
 Temple: D:4-7

Altars:

Shops:
D:3 ?


Innate Abilities, Weirdness & Mutations

You have a pair of horns on your head.
You reflexively headbutt those who attack you in melee.


Message History

The ogre is lightly wounded.
The ogre hits you with a +0 giant club!!
You slash the ogre! You headbutt the ogre.
The ogre is heavily wounded.
You closely miss the ogre. Your headbutt misses the ogre.
The ogre is heavily wounded.
The ogre hits you with a +0 giant club!
An orc comes into view. It is wielding a +0 falchion.
You barely miss the ogre.
The ogre is heavily wounded.
The ogre hits you with a +0 giant club!
* * * LOW HITPOINT WARNING * * *
The ogre misses you. The ogre misses you.
There is a stone staircase leading up here.
You can't go down here!
You climb upwards.
There is a stone staircase leading down here.
The ogre attacks as it pursues you! The ogre hits you but does no damage.
You feel yourself speed up. The ogre hits you with a +0 giant club.
* * * LOW HITPOINT WARNING * * *
Things that are here:
a +0 leather armour; a +0 whip; an orc skeleton Your extra speed is starting to run out.
You feel yourself slow down.
You start resting.
An ogre is nearby!
The ogre hits you with a +0 giant club!!
Ouch! That really hurt!
You hit the ogre.
The ogre is moderately wounded.
You hit the ogre.
The ogre is moderately wounded.
The ogre hits you with a +0 giant club!
* * * LOW HITPOINT WARNING * * *
You hit the ogre.
The ogre is heavily wounded.
The ogre hits you with a +0 giant club!!
Ouch! That really hurt!
You die...

.......##...##...).#.....# #.#
.....#.###...#.#))##.....# #.#
.......##........###...#.# #.#
.....##.......##.....#.#.# #.#
.....##....#.....#####...# #.#
.....##...........###....### #.#
......<............##.#....## #.#
....[#.............##.##.#..###.#
####............@..##.##.##.....#
####.##[........O..#..##.#####..#
...[.##..................# #...∩#
.##..#..).>..........#######.#.##
.....[...............###.....#.#
...#######...............#####.#
..## #...........##### #.# .##
#...........## #.# ..#####
##.........<.# #.#


You could see an ogre.

Vanquished Creatures
  An orc priest (D:3)
  A sleepcap (D:3)
  An orc wizard (D:3)
  3 gnolls (D:3)
  An adder (D:3)
  2 dart slugs
  6 orcs (D:3)
  4 ball pythons
  An endoplasm (D:3)
  5 giant cockroaches
  3 goblins
  4 hobgoblins
  7 kobolds
  3 quokkas
  6 bats
  6 frilled lizards
  8 rats
62 creatures vanquished.

Vanquished Creatures (others)
  An orc wizard (D:3)
1 creature vanquished.

Grand Total: 63 creatures vanquished

Notes
Turn   | Place    | Note
-------+----------+-------------------------------------------
     0 | D:1      | stank58 the Minotaur Berserker began the quest for the Orb.
     0 | D:1      | Reached XP level 1. HP: 19/19 MP: 0/0
    95 | D:1      | Reached XP level 2. HP: 24/27 MP: 1/1
   101 | D:1      | Reached skill level 4 in Axes
   473 | D:1      | Reached ** piety under Trog
  1370 | D:2      | Reached XP level 3. HP: 33/33 MP: 2/2
  1895 | D:3      | Reached XP level 4. HP: 26/41 MP: 3/3
  1913 | D:3      | Reached skill level 5 in Axes
  1988 | D:3      | Reached XP level 5. HP: 32/47 MP: 4/4
  2098 | D:3      | Reached *** piety under Trog
  2210 | D:3      | Found Mitusi's Magic Scroll Shop.
  2473 | D:4      | Noticed an ogre
  2478 | D:4      | HP: 2/47 [ogre/+0 giant club (17)]
  2649 | D:3      | HP: 2/47 [ogre/+0 giant club (13)]
  2650 | D:3      | Annihilated by an ogre

Illustrated notes

Levels and vault maps discovered:
D:1:      amcnicky_arrival_single_pillar, layout_basic,
          hangedman_abyss_or_decor_stabs, hex_medium
D:2:      layout_basic, chequers_serial_rivers_large_a,
          minmay_misc_feat_more_columns, serial_bayou_lake_a
D:3:      layout_rooms, serial_shops, shop
D:4:      layout_basic, minivault_1

Skill      XL: |  1  2  3  4  5 |
---------------+----------------+-----
Fighting       | 4 |  4.6
Axes           | 4 5 |  5.7
Armour         | 3 4 |  4.0
Dodging        | |  2.8
Stealth        | |  0.4

Action                     |  1- 3 |  4- 6 || total
---------------------------+-------+-------++-------
  Melee: Hand axe          |   125 |    50 ||   175
         Headbutt          |    25 |    13 ||    38
         Punch             |     1 |     2 ||     3
    Use: Potion            |     2 |     1 ||     3
         Scroll            |       |     1 ||     1
   Stab: Sleeping          |     1 |       ||     1
 Armour: Animal skin       |     4 |       ||     4
         Ring mail         |    41 |    37 ||    78
  Dodge: Dodged            |    50 |    39 ||    89

Table legend: (Time is in decaauts)
 A = Elapsed time spent in this place.
 B = Non-inter-level travel time spent in this place.
 C = Inter-level travel time spent in this place.
 D = Time resting spent in this place.
 E = Time spent auto-exploring this place.
 F = Levels seen in this place.
 G = Mean time per level.
                   A        B        C        D        E       F      G
               +--------+--------+--------+--------+--------+-----+--------+
         Total |   2690 |   2001 |    689 |     83 |    895 |   4 |  672.5 |
       Dungeon |   2690 |   2001 |    689 |     83 |    895 |   4 |  672.5 |
               +--------+--------+--------+--------+--------+-----+--------+

Top non-repeatable levels by time:
     D:2: 972 daAuts
     D:1: 939 daAuts
     D:3: 709 daAuts
     D:4: 69 daAuts
